Cogmind - Beta 14 @@@ ROGUE MODE // 2024.08.07 @ 21:04:43 Player: celerysam Result: Destroyed by S-27 Virus with Autogun Performance ------------- Evolutions (3) 1500 Regions Visited (6) 1200 Robots Destroyed (20) 100 Value Destroyed (677) 677 Prototype IDs (2) 40 Alien Tech Used (0) 0 Bonus (46) 46 TOTAL SCORE: 3563 Bonus ------- High Alert Combat Kills 11 Follower Combat Kills 35 Cogmind --------- Core Integrity 0/700 Matter 149/300 Energy 63/100 System Corruption 1% Temperature Cool (0) Movement Core (50) Location -7/Lower Caves Parts ------- > --- POWER (2) -------- (None) > --- PROPULSION (6) --- (None) > --- UTILITY (3) ------ Advanced Weight Redist. System > --- WEAPON (2) ------- (None) > --- INVENTORY (5) ---- Improved Heat Sink Heavy Particle Gun Mining Laser Peak State ------------ > --- POWER ------------ Nuclear Core Improved Deuterium Engine > --- PROPULSION ------- Light Treads Armored Treads Armored Wheel Flight Unit Flight Unit Flight Unit > --- UTILITY ---------- Heat Sink Small Storage Unit Advanced Weight Redist. System > --- WEAPON ----------- Flak Gun Mini Grenade Launcher > --- INVENTORY -------- Improved Ion Engine VSS Leg Aerolev Unit Shock Rifle Heavy Particle Gun Minigun Mining Laser Great Axe [Rating: 29] Favorites ----------- Power Ion Engine Engine Ion Engine Power Core Nuclear Core Propulsion Flight Unit Treads Armored Treads Leg Aluminum Leg Wheel Compact Wheel Hover Unit Hover Unit Flight Unit Flight Unit Utility Small Storage Unit Device Heat Sink Storage Small Storage Unit Hackware Hacking Suite Protection Light Armor Plating Weapon Assault Rifle Energy Gun Medium Laser Energy Cannon Beam Cannon Ballistic Gun Assault Rifle Launcher Mini Grenade Launcher Slashing Weapon Great Axe Build | -11 -10 -9 -9 -8 -7 -7 ------- Run | Yrd Mat Mat Min Mat Fac Low Slots Evolved 6 | . . 2 . 2 2 . Power 1 | . . . . . 1 . Propulsion 4 | . . 2 . 1 1 . Utility 1 | . . . . 1 . . Weapon . | . . . . . . . Parts Attached 65 | 7 5 17 11 13 9 3 Power 11 | 1 1 2 1 3 3 . Engine 9 | 1 1 2 1 2 2 . Core 2 | . . . . 1 1 . Reactor . | . . . . . . . Propulsion 25 | 3 . 8 4 5 4 1 Treads 5 | . . . . 3 2 . Leg 6 | 1 . 4 . . . 1 Wheel 5 | 2 . 2 . . 1 . Hover 4 | . . 2 . 1 1 . Flight 5 | . . . 4 1 . . Utility 11 | 1 2 3 2 3 . . Device 4 | . 2 . . 2 . . Storage 3 | 1 . 2 . . . . Processor . | . . . . . . . Hackware 1 | . . . . 1 . . Protection 3 | . . 1 2 . . . Artifact . | . . . . . . . Weapon 18 | 2 2 4 4 2 2 2 Energy Gun 5 | 1 1 1 . 1 . 1 Energy Cannon 2 | . 1 . 1 . . . Ballistic Gun 7 | 1 . 2 2 1 1 . Ballistic Cannon . | . . . . . . . Launcher 3 | . . 1 1 . . 1 Special Weapon . | . . . . . . . Impact Weapon . | . . . . . . . Slashing Weapon 1 | . . . . . 1 . Piercing Weapon . | . . . . . . . Special Melee Weapon . | . . . . . . . Unidentified Prototypes 2 | . . . . 2 . . Parts Lost 35 | . . 14 2 3 11 5 Power 5 | . . 2 1 . 2 . Propulsion 15 | . . 5 1 2 6 1 Utility 4 | . . 1 . 1 1 1 Weapon 11 | . . 6 . . 2 3 Highest Loss Streak 16 | . . 12 2 3 11 16 To Critical Strikes . | . . . . . . . Average Slot Usage (%) 84 | . 87 80 89 97 76 7 Engine 8 | . 14 9 9 2 2 . Core 1 | . . . . 6 3 . Treads 3 | . . . . 7 11 . Leg 5 | . . 25 . . . . Wheel 10 | . 28 3 8 . 4 . Hover 1 | . . 3 5 . 1 . Flight 12 | . . . 23 36 15 . Device 6 | . 2 7 . 12 13 7 Storage 10 | . 14 11 11 9 7 . Protection 2 | . . 1 11 2 . . Energy Gun 4 | . 13 2 . . . . Energy Cannon 2 | . . 6 4 . . . Ballistic Gun 10 | . 14 8 12 8 6 . Launcher 3 | . . . 4 9 4 . Peak Build Rating 29 | 6 7 10 15 26 29 15 Average Rating 12 | 4 6 8 13 19 23 8 On Entrance 10 | . 6 7 7 14 23 14 Naked Turns . | . . . . . . . Heaviest Build 37 | 12 16 31 37 18 21 9 Greatest Support 40 | 32 32 40 32 21 21 12 Greatest Overweight (x) 7 | . . 7 3 1 2 2 Average Overweight (x) . | . . . . . . . Largest Inventory Capacity 15 | 8 8 15 8 8 8 8 Average Capacity 8 | 6 8 12 8 8 8 6 Most Carried 10 | 6 8 10 8 8 8 6 Average Carried 7 | 3 7 7 7 7 7 4 Final Capacity 8 | 8 8 8 8 8 8 5 Final Carried 8 | 6 8 7 8 8 7 3 Class Distribution -------------------- 64% | Mutant 18% | Scavenger-Mutant 17% | Scavenger-Sprinter Dominant Class ---------------- Mutant | -10/Materials Mutant | -9/Materials Scavenger-Sprinter | -9/Mines Scavenger-Mutant | -8/Materials Scavenger-Mutant | -7/Factory Scavenger-Mutant | -7/Lower Caves Resources | -11 -10 -9 -9 -8 -7 -7 ----------- Run | Yrd Mat Mat Min Mat Fac Low Matter Collected 839 | 217 . 188 236 11 93 94 Remotely . | . . . . . . . Salvage Created 649 | . 97 81 51 274 101 45 Parts 39 | . 3 5 8 17 6 . Haulers Intercepted 1 | . . . . 1 . . Recyclers Shooed 1 | . . . . 1 . . Parts Field Recycled . | . . . . . . . Retrieved Matter . | . . . . . . . Parts Self-Destructed . | . . . . . . . Prevented . | . . . . . . . Kills | -11 -10 -9 -9 -8 -7 -7 ------- Run | Yrd Mat Mat Min Mat Fac Low Combat Hostiles Destroyed 17 | . 2 2 4 6 2 1 Melee 1 | . . . . . 1 . Guns 8 | . 2 1 4 1 . . Cannons 1 | . . 1 . . . . AOE 7 | . . . . 5 1 1 Classes Destroyed 7 | . 1 1 1 3 1 . Worker 1 | . . . . . 1 . Hauler 1 | . . . . 1 . . Operator 1 | . . . . 1 . . Swarmer 4 | . . . 4 . . . Grunt 5 | . 2 . . 2 1 . Duelist 2 | . . . . 1 . 1 Sentry 6 | . . 2 . 3 1 . Best Kill Streak 6 | . 2 1 4 6 1 1 Combat Bots Only 4 | . 2 1 4 4 1 1 Max Kills in Single Turn 1 | . 1 1 1 1 1 1 Gunslinging . | . . . . . . . Exploded 1 | . . . . 1 1 1 Melee 1 | . . . . . 1 . Uniques/NPCs Destroyed . | . . . . . . . Combat | -11 -10 -9 -9 -8 -7 -7 -------- Run | Yrd Mat Mat Min Mat Fac Low Hostile Shots Fired 616 | . 8 155 23 25 323 82 Missed 239 | . 1 50 5 12 143 28 Damage Taken 4299 | . 94 1454 143 196 1799 613 Core 1078 | . 15 281 31 45 338 368 Absorbed by Shields . | . . . . . . . Core Remaining (%) 76 | 100 94 . 22 91 . . Volleys Fired 51 | . 5 21 6 11 5 3 Largest 2 | . 2 2 2 2 2 1 Hottest 91 | . 70 80 91 58 58 50 Shots Fired 83 | . 10 32 12 17 9 3 Gun 53 | . 10 15 11 11 5 1 Cannon 15 | . . 14 1 . . . Launcher 15 | . . 3 . 6 4 2 Special . | . . . . . . . Kinetic 43 | . 5 11 11 11 5 . Thermal 20 | . 5 14 1 . . . Explosive 15 | . . 3 . 6 4 2 Electromagnetic 5 | . . 4 . . . 1 Robot Hit Streak 9 | . 7 8 5 9 3 4 Robot Miss Streak 8 | . 1 3 8 3 3 1 Penetration Max . | . . . . . . . Secondary Targets 3 | . 1 . 2 . . . Max Gunslinging Chain 1 | . 1 . 1 . . . Shots Hit Robots 59 | . 8 20 8 11 10 2 Core Hits 53 | . 5 5 7 24 6 6 Critical Kills . | . . . . . . . Critical Parts Destroyed . | . . . . . . . Critical Strikes . | . . . . . . . Melee Attacks 8 | . . . . . 8 . Impact . | . . . . . . . Slashing 8 | . . . . . 8 . Piercing . | . . . . . . . Sneak Attacks 1 | . . . . . 1 . Combat Hostiles . | . . . . . . . Follow-up Attacks . | . . . . . . . Damage Inflicted 1978 | . 98 401 132 629 506 212 Guns 539 | . 98 96 132 160 53 . Cannons 193 | . . 193 . . . . Explosions 985 | . . 112 . 469 192 212 Melee 261 | . . . . . 261 . Ramming . | . . . . . . . Kinetic 456 | . 35 76 132 160 53 . Thermal 256 | . 63 193 . . . . Explosive 985 | . . 112 . 469 192 212 Electromagnetic 20 | . . 20 . . . . Impact . | . . . . . . . Slashing 261 | . . . . . 261 . Piercing . | . . . . . . . Highest Corruption 2 | . 2 . . . 1 1 Average Corruption 1 | . 2 . . . 1 1 Corruption Purged . | . . . . . . . Corruption Blocked . | . . . . . . . Effects 2 | . . . . . 2 . Heat Flow Errors 1 | . . . . . 1 . Energy Discharges 1 | . . . . . 1 . Overload Shots . | . . . . . . . Overflow Damage 102 | . . . . 7 90 5 Projectiles . | . . . . . . . Explosions 12 | . . . . 7 . 5 Melee 90 | . . . . . 90 . Knockbacks . | . . . . . . . Impact . | . . . . . . . Kinetic . | . . . . . . . Secondary . | . . . . . . . Self-Inflicted Damage 83 | . . 24 . . 49 10 Shots 4 | . . 2 . . 1 1 Rammed 1 | . . . . . 1 . Targets Rammed 1 | . . . . . 1 . Kicked . | . . . . . . . Crushed . | . . . . . . . Highest Temperature 264 | . 99 81 15 12 264 . Average Temperature 39 | . 53 24 10 12 107 . Received Heat Transfer 1554 | . 54 594 . 81 765 60 Siege Activations . | . . . . . . . Robots Corrupted . | . . . . . . . Combat Hostiles . | . . . . . . . Parts Fried . | . . . . . . . Impact Corruptions . | . . . . . . . Robots Melted . | . . . . . . . Combat Hostiles . | . . . . . . . Parts Melted . | . . . . . . . Heat Transferred 592 | . 185 407 . . . . Parts Sabotaged . | . . . . . . . Parts Stolen . | . . . . . . . Parts Stripped . | . . . . . . . Power Chain Reactions . | . . . . . . . Alert | -11 -10 -9 -9 -8 -7 -7 ------- Run | Yrd Mat Mat Min Mat Fac Low Peak Influence 404 | . 95 104 90 404 301 . Initial 183 | . . 39 3 35 183 . Average 104 | . 45 52 57 225 231 . Maximum Alert Level 2 | . . . . 2 1 . Low Security (%) 79 | 100 100 100 100 49 22 . Level 1 16 | . . . . 21 77 . Level 2 4 | . . . . 28 . . Level 3 . | . . . . . . . Level 4 . | . . . . . . . Level 5 . | . . . . . . . High Security . | . . . . . . . Max Security . | . . . . . . . Squads Dispatched 5 | . . . 1 2 2 . Investigation 2 | . . . 1 . 1 . Extermination . | . . . . . . . Reinforcement 2 | . . . . 1 1 . Assault . | . . . . . . . Garrison 1 | . . . . 1 . . Intercept . | . . . . . . . Searches Triggered . | . . . . . . . Construction Impeded 1 | . . . . 1 . . Haulers Reinforced . | . . . . . . . Active Scanning Responses . | . . . . . . . Cargo Convoy Interrupts . | . . . . . . . Stealth | -11 -10 -9 -9 -8 -7 -7 --------- Run | Yrd Mat Mat Min Mat Fac Low Distress Signals 6 | . . 2 . 4 . . Communications Jammed . | . . . . . . . Distress Signals . | . . . . . . . Times Spotted 52 | . 5 13 4 13 11 6 Peak Tracking Total 10 | . 2 7 4 10 7 6 Tactical Retreats 2 | . . . . 2 . . Traps | -11 -10 -9 -9 -8 -7 -7 ------- Run | Yrd Mat Mat Min Mat Fac Low Traps Triggered 1 | . 1 . . . . . Indirectly . | . . . . . . . Trap Hack Attempts . | . . . . . . . Triggered . | . . . . . . . Disarmed . | . . . . . . . Reprogrammed 1 | . . . . 1 . . Reused . | . . . . . . . Traps Extracted . | . . . . . . . Installed . | . . . . . . . Triggered . | . . . . . . . Machines | -11 -10 -9 -9 -8 -7 -7 ---------- Run | Yrd Mat Mat Min Mat Fac Low Machines Disabled 2 | . . 1 . 1 . . Max in Single Turn 1 | . . 1 . 1 . . Machines Repaired . | . . . . . . . Machines Dismantled . | . . . . . . . Machines Sabotaged . | . . . . . . . Overloaded Fab Kills . | . . . . . . . Hacking | -11 -10 -9 -9 -8 -7 -7 --------- Run | Yrd Mat Mat Min Mat Fac Low Machines Accessed 10 | . 2 3 1 2 2 . Terminals 7 | . 2 3 . 2 . . Fabricators 1 | . . . . . 1 . Repair Stations 1 | . . . . . 1 . Recycling Units . | . . . . . . . Scanalyzers . | . . . . . . . Garrison Access . | . . . . . . . Total Hacks 16 | . 3 4 1 4 4 . Successful 9 | . . 2 1 4 2 . Failed 7 | . 3 2 . . 2 . Catastrophic 1 | . 1 . . . . . Database Lockouts . | . . . . . . . Manual . | . . . . . . . Terminals 11 | . 3 4 . 4 . . Fabricators 1 | . . . . . 1 . Repair Stations 3 | . . . . . 3 . Recycling Units . | . . . . . . . Scanalyzers . | . . . . . . . Garrison Access . | . . . . . . . Terminal Hacks 7 | . . 2 1 4 . . Open Door 1 | . . . 1 . . . Terminal Index 1 | . . . . 1 . . Alert Level 1 | . . . . 1 . . Unreport Threat 1 | . . 1 . . . . Reprogram Traps 1 | . . . . 1 . . Hauler Manifests 1 | . . 1 . . . . Zone Layout 1 | . . . . 1 . . Fabricator Hacks 1 | . . . . . 1 . Build 1 | . . . . . 1 . Repair Station Hacks 1 | . . . . . 1 . Scan Component 1 | . . . . . 1 . Recycling Unit Hacks . | . . . . . . . Scanalyzer . | . . . . . . . Garrison Access Hacks . | . . . . . . . Unauthorized Hacks . | . . . . . . . Terminals . | . . . . . . . Fabricators . | . . . . . . . Repair Stations . | . . . . . . . Recycling Units . | . . . . . . . Scanalyzers . | . . . . . . . Garrison Access . | . . . . . . . Data Cores Recovered 1 | . . . . 1 . . Used . | . . . . . . . Hacking Detections 6 | . 1 1 . 2 2 . Full Trace Events 2 | . 1 . . . 1 . Feedback Events 1 | . . . . . 1 . Corruption 1 | . . . . . 1 . Feedback Blocked . | . . . . . . . Robot Schematics Acquired . | . . . . . . . Robots Built 2 | . . . . . 2 . Authchips . | . . . . . . . Time 40 | . . . . . 40 . Total Robot Build Rating 2 | . . . . . 2 . Part Schematics Acquired . | . . . . . . . Parts Built . | . . . . . . . Authchips . | . . . . . . . Time . | . . . . . . . Total Part Build Rating . | . . . . . . . Parts Repaired . | . . . . . . . Time . | . . . . . . . Parts Recycled . | . . . . . . . Recycled Matter . | . . . . . . . Retrieved Matter . | . . . . . . . Retrieved Components . | . . . . . . . Parts Scanalyzed . | . . . . . . . Part Schematics Acquired . | . . . . . . . Parts Damaged . | . . . . . . . Bothacking | -11 -10 -9 -9 -8 -7 -7 ------------ Run | Yrd Mat Mat Min Mat Fac Low Used RIF Installer . | . . . . . . . Robots Hacked . | . . . . . . . Non-combat . | . . . . . . . Combat . | . . . . . . . Robot Hacks Applied . | . . . . . . . Relay Couplers Released . | . . . . . . . Fabnet Peak Effective % . | . . . . . . . Robots Rewired . | . . . . . . . Allies Hacked . | . . . . . . . Hacks Repelled . | . . . . . . . Allies | -11 -10 -9 -9 -8 -7 -7 -------- Run | Yrd Mat Mat Min Mat Fac Low Total Allies 3 | . . . 1 . 2 . Largest Group 2 | . . . 1 1 2 . Highest-Rated Group 31 | . . . 31 31 16 . Highest-Rated Ally 31 | . . . 31 31 8 . Total Orders . | . . . . . . . Ally Attacks 9 | . . . . 9 . . Total Damage 144 | . . . . 144 . . Kills 1 | . . . . 1 . . Allies Corrupted . | . . . . . . . Allies Melted . | . . . . . . . Intel | -11 -10 -9 -9 -8 -7 -7 ------- Run | Yrd Mat Mat Min Mat Fac Low Robot Analysis Total . | . . . . . . . Derelict Logs Recovered . | . . . . . . . Drone Launches . | . . . . . . . Drone Recoveries . | . . . . . . . Exploration | -11 -10 -9 -9 -8 -7 -7 ------------- Run | Yrd Mat Mat Min Mat Fac Low Turns Passed 1460 | 63 366 318 240 215 239 19 Spaces Moved 1470 | 46 338 186 378 304 205 13 Core 19 | 8 . 4 . . . 7 Treads 9 | . . . . 9 . . Legs 136 | 9 . 121 . . . 6 Wheels 485 | 29 338 44 70 . 4 . Hover 49 | . . 17 . . 32 . Flight 772 | . . . 308 295 169 . Fastest Speed 28 | 50 100 56 31 28 74 50 Average Speed 75 | 95 100 125 46 42 88 76 Slowest Speed 400 | 120 100 400 285 160 170 150 Overloaded Moves . | . . . . . . . Propulsion Burnouts . | . . . . . . . Robots Hopped 7 | . . . 2 2 3 . Cave-ins Triggered . | . . . . . . . Exploration Rate (%) 31 | 3 64 29 76 38 5 8 Regions Visited 6 Branch Regions 2 Pre-discovered Areas . | . . . . . . . Known Exits Taken . | . . . . . . . Unknown Exits Taken 6 | 1 1 1 1 1 1 . Scrap Searched 5 | . . . 4 . . 1 Spaces Dug . | . . . . . . . Terrain Destroyed 73 | . . 17 . 30 26 . Melee . | . . . . . . . Projectile . | . . . . . . . AOE 73 | . . 17 . 30 26 . Terrain Rammed . | . . . . . . . Walls Destroyed . | . . . . . . . Machines Disabled . | . . . . . . . Actions | -11 -10 -9 -9 -8 -7 -7 --------- Run | Yrd Mat Mat Min Mat Fac Low Total 1705 | 64 356 235 428 368 235 19 Wait 55 | . . . 19 32 4 . Move 1450 | 45 337 185 373 299 198 13 Hop 7 | . . . 2 2 3 . Pick Up 44 | 12 4 12 8 6 2 . Fast Attach 15 | . 3 . 6 3 3 . Attach 32 | 6 . 13 3 3 4 3 Detach 3 | . . . 1 . 2 . Swap 18 | 1 2 4 2 7 2 . Drop 21 | . 5 . 8 5 3 . Fire 51 | . 5 21 6 11 5 3 Melee 8 | . . . . . 8 . Ram 1 | . . . . . 1 . Kick . | . . . . . . . Crush . | . . . . . . . Escape Stasis . | . . . . . . . Rewire . | . . . . . . . Trap . | . . . . . . . Miscellaneous . | . . . . . . . Route ------- -11/Scrapyard -10/Materials (discovered 2 exits: *Mat / [*Min]) -9/Materials -9/Mines -8/Materials -7/Factory -7/Lower Caves History --------- Turn | Location | Event 5 | -11/Scrapyard | Discovered new exit (range 15) 64 | -11/Scrapyard | Entered Materials 207 | -10/Materials | Discovered new exit (range 7) 311 | -10/Materials | Build established: Mutant 407 | -10/Materials | Discovered new exit (range 8) 430 | -10/Materials | Entered another Materials area 430 | -9/Materials | Evolved 2 slots: Propulsion x2 649 | -9/Materials | Core integrity fell below 50% 699 | -9/Materials | Lost 12 parts (2p5n1u4w) 730 | -9/Materials | Discovered new exit (range 13) 748 | -9/Materials | Entered Mines 753 | -9/Mines | Met a Derelict shopkeep closing up shop 977 | -9/Mines | Discovered new exit (range 11) 982 | -9/Mines | Received a Mining Laser from a helpful Derelict 988 | -9/Mines | Entered Materials 988 | -8/Materials | Accompanied by 1 ally 988 | -8/Materials | Evolved 2 slots: Propulsion x1, Utility x1 1081 | -8/Materials | Garrison activated, responded to threat 1145 | -8/Materials | Lost 3 parts (2n1u) 1188 | -8/Materials | Discovered new exit (range 9) 1203 | -8/Materials | Entered Factory 1203 | -7/Factory | Evolved 2 slots: Power x1, Propulsion x1 1368 | -7/Factory | Fabricated R-06 Scavenger? 1416 | -7/Factory | Discovered new exit (range 16) 1442 | -7/Factory | Entered Lower Caves 1444 | -7/Lower Caves | Attracted the attention of an 0b10 checkpoint 1444 | -7/Lower Caves | Core integrity fell below 50% 1456 | -7/Lower Caves | Core integrity fell below 20% 1461 | -7/Lower Caves | Destroyed by S-27 Virus with Autogun Last Messages --------------- 01426_ Acquired Imp. Carbon-fiber Leg. 01426_ Minigun destroyed. 01438_ Critical hit (Burn: +37). LOCATION=UNKNOWN GOAL=ESCAPE 01444_ Y-54 Guardian: "INTERCEPTING UNREGISTERED DERELICT." 01445_ L-41 Fighter destroyed. 01445_ Destroyed Microactuators. 01446_ Mni. Grenade Launcher destroyed. 01447_ Aerolev Unit severed. 01449_ Sml. Storage Unit destroyed. 01449_ Great Axe destroyed. 01449_ Acquired 45 matter. 01454_ Shock Rifle destroyed. 01456_ Searching scrap... 01456_ Found Mak. Laser. 01456_ Found Reaction Control System. 01456_ Found 49 Matter. 01457_ Acquired 49 matter. 01459_ VSS Leg destroyed. Map ----- +----------------------------------------------------+ | ?????????????????????????????????????????????????? | | ?????????????????????????????????????????????????? | | ?????????????????????????????????????????????????? | | ?????????????????????????????????????????????????? | | ?????????????????????????????????????????????????? | | ?????????????????????????????????????????????????? | | ????????????????????????????????#####????????????? | | ??????????????????????????????? ##???????????? | | ???????????????????????###???## #???????????? | | ??????????????????????## ##?# ##??????????? | | ??????????????????????# ## ???????????? | | ?????????????????###?## #???????????????? | | ?????????????????# ## = #???????????????? | | ?????????????????# = #???????????????? | | ?????????????????# #???????????????? | | ????????? #### #???????????????? | | ????????? s Y #???????????????? | | ????????? s ##???????????????? | | ????????? ## s [ l #????????????????? | | ?????????? ???# ! ####?????????????? | | ???????????????# #?????????????? | | ???????????????## #####?????????? | | ????????????????#### ????????? | | ???????????????????#### ????????? | | ??????????????????????## ####?????????? | | ???????????????????????# @ ##????????????? | | ??????????????????????# #?????????????? | | ??????????????????????# ##?????????????? | | ??????????????????????# ##??????????????? | | ??????????????????????# ## #???????????????? | | ??????????????????????# ##?# #???????????????? | | ??????????????????????#####???### ??????????????? | | ????????????????????????????????? ?????????????? | | ??????????????????????????????????###????????????? | | ?????????????????????????????????????????????????? | | ?????????????????????????????????????????????????? | | ?????????????????????????????????????????????????? | | ?????????????????????????????????????????????????? | | ?????????????????????????????????????????????????? | | ?????????????????????????????????????????????????? | | ?????????????????????????????????????????????????? | | ?????????????????????????????????????????????????? | | ?????????????????????????????????????????????????? | | ?????????????????????????????????????????????????? | | ?????????????????????????????????????????????????? | | ?????????????????????????????????????????????????? | | ?????????????????????????????????????????????????? | | ?????????????????????????????????????????????????? | | ?????????????????????????????????????????????????? | | ?????????????????????????????????????????????????? | +----------------------------------------------------+ Best States ------------- Heat Dissipation 44 Energy Generation 16 Energy Capacity 290 Matter Stores 300 Matter Capacity 300 Sight Range 16 Robot Scan Range 14 Terrain Scan Density 10 Additional Mass Support 9 Armor Coverage 150 Evasion (%) 64 Recoil Reduction 1 Offensive Hacking 10 Item Schematics ----------------- None Robot Schematics ------------------ None Fabricated ------------ R-06 Scavenger | x2 | -7/Factory | Preloaded Alien Tech Used ----------------- None Achievements -------------- None Challenges ------------ None Game ------ Seed FactoryReactiveRegenerator Manual? 0 Play Time 00:36:26 Cumulative 115.5 hours Start 2024.08.07 @ 20:13:00 End 2024.08.07 @ 21:04:43 Sessions 1 Manual Loads 0 Difficulty Rogue Special Mode None Game No. 163 Rogue 163 Adventurer 0 Explorer 0 Win Type - Total 0 Types 0/0/0/0/0/0/0/0/0 Lore% 29 Gallery% 55 Achievement% 37 Wizard Run 0 Options --------- Layout 0 ASCII 0 Keyboard 0 Movement Mouse Keybinds 0 Fullscreen 1 Font 24/Smallcaps Map View 76x50 Zoom Use 0% Tactical HUD 1 Map Filters NONE Filters NONE Steam 1 RUN: a9fc3862-11ec-4cb1-b1ba-8c0f9bcedb09